 Dungeon Crawl Stone Soup version 0.26.0-16-gc1dbca0489 (webtiles) character file.

Game seed: 1553576506643612372

50 timneilson the Shield-Bearer (level 3, -5/23 HPs)
             Began as a Gargoyle Fighter on Jan 20, 2021.
             Killed from afar by Sigmund (9 damage)
             ... with a puff of flame
             ... on level 2 of the Dungeon.
             The game lasted 00:01:32 (753 turns).

timneilson the Shield-Bearer (Gargoyle Fighter)      Turns: 753, Time: 00:01:32

Health: -5/23      AC: 11    Str: 20    XL:     3   Next: 79%
Magic:  3/3        EV:  7    Int:  8    God:
Gold:   83         SH:  9    Dex:  9    Spells: 2/2 levels left

rFire    . . .     SeeInvis .   a - +0 long sword
rCold    . . .     Faith    .   c - +0 kite shield
rNeg     + . .     Spirit   .   b - +0 scale mail
rPois    ∞         Reflect  .   (no helmet)
rElec    +         Harm     .   (no cloak)
rCorr    .         Rampage  .   f - +0 pair of gloves
Will     .....                  (no boots)
Stlth    ..........             (no amulet)
HPRegen  0.07/turn              (no ring)
MPRegen  0.08/turn              (no ring)

@: mighty
A: negative energy resistance 1, electricity resistance, unbreathing,
petrification resistance, miasma immunity, AC +3
a: no special abilities


You were on level 2 of the Dungeon.
You visited 1 branch of the dungeon, and saw 2 of its levels.

You collected 83 gold pieces.

Inventory:

Hand Weapons
 a - a +0 long sword (weapon)
Armour
 b - a +0 scale mail (worn)
 c - a +0 kite shield (worn)
 f - a +0 pair of gloves (worn)
Scrolls
 h - a scroll of amnesia {unknown}
 i - a scroll of identify {unknown}
 j - a scroll of noise {unknown}
Potions
 e - a potion of haste {unknown}
 g - a potion of lignification {unknown}


   Skills:
 + Level 3.5 Fighting
 * Level 2.4 Long Blades
 * Level 3.9 Armour
 * Level 3.9 Shields


You had 2 spell levels left.
You didn't know any spells.
Your spell library was empty.

Dungeon Overview and Level Annotations

Branches:
Dungeon (2/15)

Altars:
Ashenzari

Annotations:
D:2 Sigmund


Innate Abilities, Weirdness & Mutations

You are resistant to torment.
Your stone body is resilient. (AC +3)
You are immune to poison.
You resist negative energy. (rN+)
You are resistant to electric shocks. (rElec)
You can survive without breathing.
You are immune to petrification.
You are immune to miasma.


Message History

You miss something. You block something's attack.
You miss something. Something hits you but does no damage.
You barely miss something. Something hits you.
You hit something. You block something's attack.
You hit something. Something hits you but does no damage.
You closely miss something. Something hits you.
You closely miss something. Something hits you but does no damage.
You closely miss something. You barely miss something.
You block something's attack.
You slash something!
You hear some strange, mumbled words.
A magic dart appears from out of thin air!
The magic dart hits you.
* * * LOW HITPOINT WARNING * * *
You slash something! Something completely misses you.
You barely miss something.
You hear some strange, mumbled words.
A puff of flame appears from out of thin air!
The puff of flame hits you!
You die...

. .. ... ### ....## #...
#.rr#### ###...# #r{..##
#.....# #@..########....#
#.$......##...>.#
##....##)....#
####........####
######....)...(...## ##
###......##..........# ..###
#...#####............# ###
#...###.####............##..
..#
..##.(...........[.........
.


You could see 3 rats.

Vanquished Creatures
  An adder (D:2)
  A worm (D:2)
  2 dart slugs (D:1)
  2 leopard geckos
  A ball python (D:2)
  2 giant cockroaches (D:1)
  6 goblins
  3 hobgoblins
  8 bats
  A frilled lizard (D:1)
  A kobold (D:1)
  4 rats
32 creatures vanquished.

Notes
Turn   | Place    | Note
-------+----------+-------------------------------------------
     0 | D:1      | timneilson the Gargoyle Fighter began the quest for the
                  | Orb.
     0 | D:1      | Reached XP level 1. HP: 14/14 MP: 1/1
    98 | D:1      | Reached XP level 2. HP: 19/19 MP: 2/2
   155 | D:1      | Found a broken altar of Ashenzari.
   555 | D:1      | Reached XP level 3. HP: 22/23 MP: 3/3
   729 | D:2      | Noticed Sigmund
   753 | D:2      | Killed from afar by Sigmund

Illustrated notes

Levels and vault maps discovered:
D:1:      dpeg_arrival_radiant, layout_basic, nicolae_ashenzari_panopticon
D:2:      layout_rooms, lemuel_crystal_altar, minmay_randomly_rotated_circles,
          uniq_sigmund

Skill      XL: |  1  2 |
---------------+-------+-----
Long Blades    | 2 |  2.4
Fighting       | |  3.5
Armour         | |  3.9
Shields        | |  3.9

Action                   || total
-------------------------++-------
Melee: Long sword        ||   131
  Use: Scroll            ||     2
       Potion            ||     1
Armor: Scale mail        ||    86
Dodge: Dodged            ||    29
Block: Kite shield       ||    82
       Rpst.: Long sword ||     7
